Map: 10000 Feet LE

Players

Sindyr

  • Race: Terran Terran
  • League: Master
  • Spawn Location: 5:00

A.I. 1 (Very Easy) - Winner!

  • Race: Terran Terran
  • Spawn Location: 11:00

VOD

Have the link to the VOD?

Description

Time

  • Played on: Jan. 24, 2026, 8:19 p.m.
  • Length: 20:40
Show
View Real Time Build Order
Export as new Build Order

Sindyr Terran 

Build Orders:  

Get SALT Encoding   

  12  0:02  SCV  
  13  0:14  SCV  
  13  0:19  Supply Depot  
  14  0:26  SCV  
  15  0:40  SCV  
  15  0:42  Barracks  
  16  0:49  Refinery  
  16  0:52  SCV  
  17  1:04  SCV  
  18  1:17  SCV  
  19  1:32  Barracks Tech Lab  
  19  1:35  Orbital Command  
  19  1:48  Barracks  
  19  1:52  Refinery  
  19  2:01  Stimpack  
  19  2:09  Command Center  
  19  2:12  SCV  
  20  2:24  SCV  
  21  2:36  SCV  
  22  2:37  Barracks Reactor  
  22  2:42  Engineering Bay  
  22  2:46  Supply Depot  
  22  2:48  SCV  
  23  3:08  SCV  
  24  3:16  Command Center  
  24  3:20  SCV  
  25  3:29  Terran Infantry Weapons Level 1  
  25  3:31  SCV  
  25  3:32  SCV  
  27  3:44  SCV  
  29  3:50  Supply Depot  
  29  3:53  Supply Depot  
  27  3:56  Orbital Command, SCV  
  28  4:04  Bunker  
  28  4:09  SCV  
  29  4:18  Factory  
  29  4:19  Factory  
  29  4:22  Barracks  
  29  4:39  SCV x2  
  31  4:51  SCV x2  
  33  5:03  Refinery, SCV x2  
  33  5:06  Factory Tech Lab  
  35  5:07  Factory Reactor  
  35  5:15  SCV  
  35  5:19  Starport  
  35  5:21  Armory  
  36  5:25  Missile Turret  
  36  5:28  Missile Turret  
  36  5:32  Supply Depot  
  36  5:33  Orbital Command, Supply Depot  
  36  5:35  SCV x2  
  38  5:47  SCV x2  
  40  5:58  Terran Infantry Armor Level 1  
  40  5:59  SCV  
  41  6:04  Engineering Bay  
  41  6:21  SCV  
  42  6:31  Refinery  
  42  6:33  SCV  
  43  6:40  Factory Reactor  
  43  6:41  Factory Tech Lab  
  43  6:45  SCV  
  44  6:58  SCV  
  45  7:10  SCV  
  45  7:11  SCV  
  45  7:12  SCV  
  48  7:17  Command Center  
  48  7:18  Terran Infantry Weapons Level 2  
  48  7:22  SCV, Terran Vehicle Weapons Level 1  
  49  7:24  SCV x2  
  49  7:27  Combat Shield  
  51  7:34  SCV  
  51  7:36  SCV x2  
  54  7:38  Refinery  
  54  7:46  SCV  
  54  7:48  SCV x2  
  57  7:57  Command Center  
  58  7:58  SCV  
  58  8:00  SCV x2  
  58  8:03  Terran Infantry Armor Level 2  
  60  8:10  SCV  
  60  8:12  SCV x2  
  63  8:22  SCV  
  64  8:28  Command Center  
  64  8:32  Orbital Command  
  64  8:46  Concussive Shells  
  64  8:47  SCV x2  
  64  8:48  SCV  
  67  8:59  SCV  
  67  9:00  SCV x2  
  70  9:03  Engineering Bay  
  70  9:10  Barracks x2  
  70  9:11  SCV  
  70  9:12  SCV x2  
  70  9:16  Terran Vehicle And Ship Armor Level 1  
  73  9:19  Barracks  
  73  9:24  SCV x3  
  75  9:26  Refinery  
  77  9:31  SCV  
  77  9:32  Refinery  
  77  9:43  SCV  
  78  9:47  SCV  
  78  9:50  SCV x2  
  78  9:52  Planetary Fortress  
  81  9:55  SCV  
  81  9:59  Barracks  
  83  10:00  SCV  
  83  10:02  Marine x4, SCV x2  
  83  10:05  Thor  
  95  10:07  Liberator x2, SCV  
  95  10:10  Orbital Command  
  95  10:12  SCV  
  104  10:14  SCV x2  
  104  10:19  SCV, Marine  
  104  10:20  Marine x3  
  110  10:24  SCV  
  110  10:26  SCV  
  112  10:30  Terran Infantry Weapons Level 3, Terran Infantry Armor Level 3  
  112  10:37  Marine  
  112  10:38  Marine  
  112  10:42  Supply Depot  
  114  11:05  Supply Depot  
  114  11:10  Terran Ship Weapons Level 1  
  114  11:17  SCV  
  115  11:29  SCV  
  115  11:31  Factory  
  116  11:33  Factory x3  
  116  11:35  Factory  
  116  11:36  Factory, Refinery  
  116  11:37  Refinery  
  116  11:41  SCV  
  116  11:44  Refinery  
  116  11:46  Refinery  
  117  11:50  Marine x4  
  117  11:53  SCV  
  122  12:05  SCV  
  122  12:08  Marine x4  
  124  12:12  Factory x2  
  124  12:15  Factory  
  127  12:16  Refinery  
  127  12:17  Factory  
  127  12:24  Factory Tech Lab x5  
  127  12:26  Marine x4  
  131  12:36  Factory Tech Lab  
  131  12:41  Supply Depot  
  131  12:43  Supply Depot x2, Marine  
  131  12:44  Marine x3  
  135  13:02  Marine x2  
  137  13:07  Refinery  
  137  13:08  Terran Vehicle Weapons Level 2  
  137  13:18  Armory  
  137  13:24  Factory Tech Lab  
  137  13:25  Factory Tech Lab x3  
  137  13:40  Barracks Tech Lab  
  137  14:04  Barracks  
  137  14:14  Barracks x3  
  137  14:17  Barracks  
  137  14:25  Barracks Tech Lab x3  
  137  14:26  Barracks Tech Lab  
  137  15:24  Terran Vehicle And Ship Armor Level 2  
  137  15:29  Supply Depot  
  137  15:30  Supply Depot x2  
  137  15:33  Supply Depot  
  137  15:44  Ghost Academy  
  137  15:45  Ghost Academy  
  137  15:46  Ghost Academy  
  137  15:48  Ghost Academy x2  
  137  15:49  Ghost Academy  
  137  15:59  Ghost Academy  
  137  16:11  Barracks Tech Lab x4  
  137  16:21  Barracks Tech Lab  
  137  16:35  Ghost Academy  
  137  16:41  Command Center  
  137  16:48  Terran Vehicle Weapons Level 3  
  136  17:10  Personal Cloaking  
  136  17:11  Nuke x2  
  136  17:12  Nuke x3  
  136  17:17  Nuke  
  135  17:39  Ghost x2  
  135  17:40  Ghost x6  
  135  17:41  Ghost x4  
  158  17:56  Medivac x2  
  154  18:08  Ghost x5  
  154  18:09  Ghost x6  
  154  18:10  Ghost  
  155  18:26  Medivac x2  
  146  18:36  Nuke, Ghost x2  
  146  18:37  Ghost x6  
  146  18:38  Ghost x4  
  154  19:05  Ghost x4  
  154  19:06  Ghost x7  
  154  19:07  Ghost  
  176  19:33  Ghost  
  176  19:34  Ghost x2  
  182  19:42  Ghost Academy  
  182  19:46  Ghost Academy  
  182  19:47  Ghost Academy x4  
  182  19:51  Ghost Academy  
  182  19:52  Planetary Fortress  
Show
View Real Time Build Order
Export as new Build Order

A.I. 1 (Very Easy) Terran - Winner!

Build Orders: Reaper Expand 

Get SALT Encoding   

  12  0:00  SCV  
  13  0:13  SCV  
  14  0:18  Supply Depot  
  14  0:42  Barracks  
  14  1:03  Command Center  
  14  1:30  Supply Depot, Orbital Command  
  14  1:31  Marine  
  15  1:37  Refinery  
  15  1:48  Refinery  
  15  1:56  SCV  
  16  2:08  SCV  
  17  2:17  Reaper  
  17  2:20  SCV  
  17  2:22  SCV  
  20  2:33  SCV  
  20  2:36  SCV  
  22  2:45  SCV  
  22  2:47  Refinery  
  22  2:50  SCV  
  24  2:58  SCV  
  25  3:05  SCV  
  26  3:08  Marine  
  26  3:12  SCV  
  28  3:19  Factory  
  28  3:20  SCV  
  29  3:42  Refinery  
  29  3:44  SCV  
  30  3:51  SCV  
  30  3:54  Supply Depot  
  31  3:58  SCV  
  31  3:59  Marine  
  33  4:05  SCV  
  33  4:06  Starport  
  34  4:13  SCV  
  35  4:18  Barracks Tech Lab  
  35  4:20  SCV  
  36  4:27  SCV  
  36  4:31  Supply Depot  
  37  4:34  SCV  
  38  4:41  SCV  
  38  4:44  Starport Tech Lab  
  39  4:49  SCV  
  39  4:51  Marauder  
  42  4:56  SCV  
  43  5:03  SCV  
  43  5:04  Raven  
  46  5:10  SCV  
  47  5:17  SCV  
  48  5:38  Raven  
  48  5:42  Marine  
  51  6:34  Marine  
  52  7:26  Marauder  
  54  11:28  Medivac  
  54  11:30  Supply Depot  
  56  11:42  Command Center  
  56  11:52  Factory Tech Lab  
  56  11:54  Supply Depot  
  56  11:58  Medivac  
  56  12:09  Marine  
  50  12:28  Raven  
  52  12:32  Marine  
  53  12:55  Marine  
  53  13:11  Refinery  
  53  13:14  Refinery  
  53  13:18  Marine  
  57  13:41  Siege Tank  
  57  15:56  SCV  
  57  16:01  Marine  
  58  16:19  Reaper  
  58  16:23  Raven  
  48  16:51  Marauder  
  50  16:57  Medivac  
  52  17:12  Marine  
  53  17:27  Raven  
  55  17:30  Marine  
  56  17:48  Marine  
  57  17:54  Command Center  
  57  18:06  Marine  
  57  18:23  Marine  
  58  18:41  Reaper  
  59  19:07  SCV  
  59  19:09  Refinery  
  60  19:13  Marine  
  61  19:27  Refinery  
  61  19:31  Marine  
  62  19:49  Marauder  
  64  20:03  Siege Tank  
  67  20:10  SCV  
  53  20:16  Marine  
Tags
 
League
Master
Matchup
TvT
Race
Terran
Replay Pack
Multiplayer
Spawn Locations
Cross Positions
Add a new tag
Caveats
  • Supply blocks, unpowered buildings, or Contaminate may cause inaccurate times.
  • Supply counts are checked every 10 seconds.